 Dungeon Sprint DCSS version 0.21-a0-50-g941c862 (webtiles) character file.

2429 Kidiri the Basher (level 9, -5/97 (98) HPs)
             Began as a Troll Monk on June 11, 2017.
             Was a High Priest of Wu Jian.
             Slain by a tyrant leech (27 damage)
             ... in the Dungeon (Sprint VII: "The Pits").
             The game lasted 00:07:08 (906 turns).

Kidiri the Basher (Troll Monk)                       Turns: 906, Time: 00:07:09

HP:   -5/97 (98)    AC:  9    Str: 20 (21) XL:     9   Next: 24%
MP:   1/8           EV: 18    Int:  8      God:    Wu Jian [*****.]
Gold: 0             SH:  0    Dex: 15      Spells: 8/8 levels left

rFire    . . .     SeeInvis .   a - +0 giant club
rCold    . . .     Gourm    +   (shield currently unavailable)
rNeg     . . .     Faith    .   b - +0 robe
rPois    .         Spirit   .   (helmet restricted)
rElec    .         Reflect  .   w - +0 cloak
rCorr    .         Harm     .   (gloves unavailable)
MR       .....     Clarity  +   (boots unavailable) Stlth ++........NoTele +
                                (no amulet)
Regen    0.7/turn               r - +3 ring of evasion
MPRegen  0.2/turn               s - +3 ring of protection

@: slowed, glowing, heavenly storm, very slow
A: unfitting armour, claws 3, clarity, clever 1, deterioration 2, fast
metabolism 3, gourmand, regeneration 1, shaggy fur 1, tough skin 2
a: Serpent's Lash, Heavenly Storm, Renounce Religion


You were in the Dungeon.
You worshipped Wu Jian.
Wu Jian was extremely pleased with you.
You were full.

You visited 1 branch

Inventory:

Hand Weapons
 a - a +0 giant club (weapon)
Armour
 b - a +0 robe (worn)
 w - a +0 cloak (worn)
Jewellery
 r - a +3 ring of evasion (left claw)
 s - a +3 ring of protection (right claw)
Wands
 q - a wand of digging (12/24)
Scrolls
 i - a scroll of blinking
 k - 3 scrolls of remove curse
 l - 5 scrolls of amnesia
 m - a scroll of summoning
Potions
 d - 9 potions of curing
 e - 5 potions of heal wounds
 f - 2 potions of haste
 g - 4 potions of magic
 h - a potion of berserk rage
 j - 2 potions of invisibility
 t - a potion of might
 u - a potion of resistance
 v - a potion of agility
Comestibles
 c - 9 bread rations
 n - 40 fruits
 o - 7 meat rations
 p - a chunk of flesh


   Skills:
 * Level 9.0 Fighting
 * Level 9.7 Maces & Flails
 + Level 5.9 Armour
 * Level 8.8 Dodging
 * Level 6.5 Stealth


You had 8 spell levels left.
You didn't know any spells.

Dungeon Overview and Level Annotations

Branches:
Dungeon (1/1)

Altars:
Ashenzari
Cheibriados
Dithmenos
Elyvilon
Fedhas
Gozag
Hepliaklqana
Kikubaaqudgha
Makhleb
Nemelex Xobeh
Okawaru
Qazlal
Ru
Sif Muna
Trog
Uskayaw
Vehumet
Wu Jian
Xom
Yredelemnul
Zin
The Shining One
Beogh
Jiyva
Lugonu


Innate Abilities, Weirdness & Mutations

You are too large for most types of armour.
You have claws for hands.
Your metabolism is lightning-fast.
You like to eat raw meat.
Your natural rate of healing is unusually fast.
You are covered in fur. (AC +1)
You have very tough skin. (AC +2)
You possess an exceptional clarity of mind.
Your mind is acute. (Int +2)
Your body often deteriorates upon taking damage.


Message History

The eye of draining gazes at you.
You feel your power leaking away. The hornet stings you!
* * * LOW HITPOINT WARNING * * *
Your body deteriorates!
You feel weakened.
You feel yourself slow down.
Unknown command.
You attack the deep troll from above.
You barely miss the deep troll.
The deep troll is moderately wounded.
You attack the tyrant leech from above.
You barely miss the tyrant leech.
The tyrant leech is almost dead.
You attack the hornet from above.
You closely miss the hornet.
The large abomination is distracted by your jump.
The deep troll completely misses you. The deep troll closely misses you.
The deep troll claws you but does no damage.
The hornet stings you.
* * * LOW HITPOINT WARNING * * *
You feel as though you will be slow longer.
The tyrant leech bites you!!
You die...

....#..#......#
..............#
#+#####''######
.....##''# #######
.....##..# .....
.....##..# §§§
.<...##..#### #X#
.....##..#..#####y##
.....##..#....##@wl# #
.....##..'.....#§T§#...#
#######..'.....+§§G§§?.+
#######..'...).#§§§#§..#
#..[.##..#....##...#...#
#..[[##..#..#####.## ..#
+..))##..#### #+# ###
#..))##..# #..))##..#


You could see a tyrant leech, a deep troll, a large abomination, an eye of
draining, a hornet and a wyvern.

Vanquished Creatures
  A shadow wraith (D)
  A deep elf mage (D)
  A guardian mummy (D)
  Grinder (D)
  A spriggan (D)
  A hungry ghost (D)
  A warg (D)
  An acid dragon (D)
  A floating eye (D)
  A black bear (D)
  A phantom (D)
  An ogre (D)
  A quasit (D)
  A jelly (D)
  A gnoll shaman (D)
  An iguana (D)
  Terence (D)
  3 gnolls (D)
  A leopard gecko (D)
  A bat skeleton (D)
  3 giant cockroaches (D)
  A goblin (D)
  7 jackals (D)
  A kobold (D)
  A quokka (D)
  A bat (D)
36 creatures vanquished.

Notes
Turn   | Place    | Note
-------+----------+-------------------------------------------
     0 | D        | Kidiri the Troll Monk began the quest for the Orb.
     0 | D        | Reached XP level 1. HP: 22/22 MP: 0/0
    12 | D        | Noticed a floating eye
    16 | D        | Killed a floating eye
    16 | D        | Reached XP level 2. HP: 32/32 MP: 1/1
    16 | D        | Reached XP level 3. HP: 39/39 MP: 2/2
    16 | D        | Reached XP level 4. HP: 48/48 MP: 3/3
    20 | D        | Found a bloodstained altar of Trog.
    20 | D        | Found a deep blue altar of Sif Muna.
    20 | D        | Found a viscous altar of Jiyva.
    20 | D        | Found a hazy altar of Hepliaklqana.
    20 | D        | Found an opulent altar of Gozag.
    22 | D        | Found a glowing golden altar of the Shining One.
    22 | D        | Found a glowing silver altar of Zin.
    22 | D        | Found a basalt altar of Yredelemnul.
    22 | D        | Found a shimmering altar of Xom.
    22 | D        | Found an ornate altar of the Wu Jian Council.
    22 | D        | Found a sacrificial altar of Ru.
    22 | D        | Found a stormy altar of Qazlal.
    22 | D        | Found an iron altar of Okawaru.
    22 | D        | Found a sparkling altar of Nemelex Xobeh.
    22 | D        | Found a burning altar of Makhleb.
    22 | D        | Found a blossoming altar of Fedhas.
    22 | D        | Found a white marble altar of Elyvilon.
    22 | D        | Found a shadowy altar of Dithmenos.
    22 | D        | Found a snail-covered altar of Cheibriados.
    24 | D        | Found a radiant altar of Vehumet.
    24 | D        | Found a corrupted altar of Lugonu.
    24 | D        | Found a roughly hewn altar of Beogh.
    25 | D        | Found a hide-covered altar of Uskayaw.
    25 | D        | Found an ancient bone altar of Kikubaaqudgha.
    25 | D        | Found a shattered altar of Ashenzari.
    31 | D        | Became a worshipper of the Wu Jian Council
    31 | D        | Reached * piety under Wu Jian
    31 | D        | Reached ** piety under Wu Jian
   200 | D        | Reached *** piety under Wu Jian
   202 | D        | Noticed a deep elf mage
   208 | D        | Reached **** piety under Wu Jian
   236 | D        | HP: 1/73 [deep elf mage/magic dart (7)]
   239 | D        | Killed a deep elf mage
   239 | D        | Reached ***** piety under Wu Jian
   239 | D        | Reached XP level 5. HP: 1/61 MP: 4/4
   239 | D        | Reached XP level 6. HP: 1/68 MP: 5/5
   343 | D        | Noticed a hungry ghost
   346 | D        | Killed a hungry ghost
   346 | D        | Reached XP level 7. HP: 76/76 MP: 6/6
   348 | D        | Killed Terence
   354 | D        | Reached skill level 5 in Stealth
   491 | D        | Noticed a spriggan
   492 | D        | Killed a spriggan
   494 | D        | Noticed Grinder
   499 | D        | Reached XP level 8. HP: 87/87 MP: 7/7
   514 | D        | Killed Grinder
   514 | D        | Reached skill level 5 in Armour
   602 | D        | Noticed a guardian mummy
   605 | D        | Reached ****** piety under Wu Jian
   622 | D        | HP: 1/88 [guardian mummy (17)]
   623 | D        | Killed a guardian mummy
   660 | D        | Gained mutation: Your body sometimes deteriorates upon taking damage. [potion of mutation]
   660 | D        | Gained mutation: Your mind is acute. (Int +2) [potion of mutation]
   660 | D        | Gained mutation: Your body often deteriorates upon taking damage. [potion of mutation]
   660 | D        | Gained mutation: You possess an exceptional clarity of mind. [potion of mutation]
   865 | D        | Noticed a shadow wraith
   872 | D        | Killed a shadow wraith
   872 | D        | Reached XP level 9. HP: 88/96 MP: 8/8
   893 | D        | Noticed a tyrant leech
   901 | D        | Noticed a deep elf mage
   902 | D        | Noticed a deep troll
   906 | D        | Slain by a tyrant leech

Vault maps used:
D:        pitsprint

Skill      XL: |  1  2  3  4  5  6  7  8  9 |
---------------+----------------------------+-----
Fighting       | 4 6 7 8 9 |  9.0
Maces & Flails | 4 7 8 9 |  9.7
Armour         | 2 3 4 5 |  5.9
Dodging        | 4 6 7 8 |  8.8
Stealth        | 2 4 5 6 |  6.5

Action                   |  1- 3 |  4- 6 |  7- 9 || total
-------------------------+-------+-------+-------++-------
Melee: Mace              |     2 |    59 |       ||    61
       Flail             |       |     3 |    52 ||    55
       Morningstar       |       |       |    11 ||    11
       Giant club        |       |       |    12 ||    12
Invok: Heavenly Storm    |       |     1 |     2 ||     3
       Serpent's Lash    |       |     1 |       ||     1
  Use: Potion            |       |     2 |     2 ||     4
 Stab: Sleeping          |     1 |     3 |     4 ||     8
       Distracted        |       |       |     1 ||     1
  Eat: Chunk             |       |     9 |     2 ||    11
Armor: Robe              |       |    20 |     8 ||    28
Dodge: Dodged            |       |    19 |    41 ||    60
